 Dungeon Crawl Stone Soup version 0.29-a0-914-g906f1d757c (webtiles) character file.

Game seed: 16483577727471719787

268 wilfster70 the Caller (level 6, 0/41 HPs)
             Began as a Merfolk Summoner on July 26, 2022.
             Splashed by a jelly's acid (6 damage)
             ... on level 5 of the Dungeon.
             The game lasted 00:12:45 (6131 turns).

wilfster70 the Caller (Merfolk Summoner)            Turns: 6131, Time: 00:12:45

Health: 0/41       AC: -8    Str:  8    XL:     6   Next: 21%
Magic:  12/12      EV: 16    Int: 17    God:
Gold:   732        SH:  0    Dex: 14    Spells: 6/13 levels left

rFire   + . .      SeeInvis .   a - +0 spear
rCold   + . .      Faith    .   (no shield)
rNeg    . . .      Spirit   .   y - +0 robe
rPois   .          Reflect  .   g - +2 hood of the Assassin {Detection Stab+ Stlth++}
rElec   .          Harm     .   q - scarf {rC+ rF+}
rCorr   .          Rampage  .   (no gloves)
Will    .....                   (no boots)
Stlth   ++++......              (no amulet)
HPRegen 0.13/turn               i - +4 ring of evasion
MPRegen 0.13/turn               (no ring)

@: corroded, unable to read
A: (nimble swimmer 2), mertail, horns 1, inability to read while threatened 1
a: no special abilities


You were on level 5 of the Dungeon.
You visited 1 branch of the dungeon, and saw 5 of its levels.

You collected 754 gold pieces.
You spent 22 gold pieces at shops.

Inventory:

Hand Weapons
 a - a +0 spear (weapon)
 b - a +3 mace
Armour
 g - the +2 hood of the Assassin (worn) {Detection Stab+ Stlth++}
   (You found it on level 3 of the Dungeon)

   It allows the wearer to sense nearby creatures.
   It allows the wearer to make particularly effective stabbing attacks against
   helpless or unaware enemies with any weapon.
   Stlth:     It makes you much more stealthy.
 q - a scarf of resistance (worn)
 y - a +0 robe (worn)
Jewellery
 i - a +4 ring of evasion (left hand)
 s - a ring of see invisible
 t - a ring of ice
 A - the ring of Puaff {Ice Will+ rCorr Dex+4}
   (You found it on level 5 of the Dungeon)

   [ring of ice]

   It enhances your ice magic.
   Dex:       It affects your dexterity (+4).
   rF:        It makes you vulnerable to fire.
   rC:        It protects you from cold.
   rCorr:     It protects you from acid and corrosion.
   Will:      It increases your willpower.
 D - an amulet of regeneration
Scrolls
 c - a scroll of summoning {unknown}
 d - 3 scrolls of fear
 l - a scroll of teleportation {unknown}
 n - a scroll of fog {unknown}
 o - a scroll of enchant weapon {unknown}
 p - 2 scrolls of noise {unknown}
 r - 2 scrolls of identify
 u - 2 scrolls of blinking {unknown}
 x - a scroll of silence {unknown}
Potions
 e - 2 potions of brilliance {unknown}
 f - 2 potions of magic
 h - a potion of flight {unknown}
 j - a potion of ambrosia {unknown}
 k - a potion of cancellation {unknown}
 m - 3 potions of lignification {unknown}
 v - a potion of heal wounds {unknown}
 w - a potion of attraction {unknown}
 z - a potion of might {unknown}
 B - 2 potions of resistance
 C - a potion of invisibility {unknown}


   Skills:
 - Level 2.6 Dodging
 - Level 2.1 Stealth
 + Level 4.2 Spellcasting
 - Level 6.0 Summonings


You had 6 spell levels left.
You knew the following spells:

 Your Spells              Type           Power      Damage    Failure   Level
b - Call Imp              Summ           23%        N/A       1%          2
c - Stone Arrow           Conj/Erth      6%         3d7       43%         3
d - Passwall              Tmut/Erth      2%         N/A       24%         2

Your spell library contained the following spells:

 Spells                   Type           Power      Damage    Failure   Level
 Summon Small Mammal      Summ           92%        N/A       1%          1
 Call Canine Familiar     Summ           23%        N/A       4%          3
 Summon Guardian Golem    Hex/Summ       13%        N/A       14%         3
 Sandblast                Erth           6%         2d5       16%         1
 Ensorcelled Hibernation  Hex/Ice        6%         N/A       24%         2
 Summon Lightning Spire   Summ/Air       13%        N/A       41%         4
 Dazzling Flash           Conj/Hex       6%         N/A       43%         3
 Portal Projectile        Hex/Tloc       6%         N/A       43%         3
 Spider Form              Tmut/Pois      3%         N/A       43%         3
 Tukima's Dance           Hex            3%         N/A       43%         3
 Anguish                  Hex/Necr       1%         N/A       83%         4
 Agony                    Necr           3%         N/A       99%         5
 Blade Hands              Tmut           1%         N/A       99%         5
 Silence                  Hex/Air        1%         N/A       99%         5


Dungeon Overview and Level Annotations

Branches:
Dungeon (5/15)
 Temple: D:4-7

Altars:
Elyvilon
Fedhas

Shops:
D:1 ?

Annotations:
D:2 Terence


Innate Abilities, Weirdness & Mutations

((You are very nimble when in or above water. (Stealth+, EV+, Speed+++)))
Your lower body shifts to a powerful aquatic tail in water.
You have a pair of small horns on your head.
You occasionally lose the ability to read scrolls when taking damage.


Message History

The ufetubus completely misses you.
You hit the ufetubus.
You kill the ufetubus!
You start resting.
HP restored.
There is a stone staircase leading up here.
You now have 732 gold pieces (gained 10).
Found a scale mail.
A jelly comes into view.
A jelly is nearby!
The jelly quivers.
You see here a +0 scale mail.
You hit the jelly. The acid corrodes you!
Your hands burn!
The jelly is moderately wounded.
The jelly hits you. The acid corrodes you!
You are splashed with acid.
You hit the jelly. The acid corrodes you!
Your hands burn!
The jelly is heavily wounded.
The jelly barely misses you.
You hit the jelly but do no damage.
Your hands burn!
The jelly is heavily wounded.
The jelly barely misses you. The jelly completely misses you.
You hit the jelly.
Your hands burn!
You headbutt the jelly.
The jelly is severely wounded.
The jelly closely misses you.
You hit the jelly but do no damage.
Your hands burn!
You headbutt the jelly, but do no damage.
The jelly is severely wounded.
The jelly completely misses you.
You hit the jelly but do no damage.
Your hands burn!
The jelly is severely wounded.
The jelly hits you. The acid corrodes you!
You are splashed with acid!
You feel threatened and lose the ability to read scrolls!
* * * LOW HITPOINT WARNING * * *
You can read scrolls again.
You see here a +0 scale mail.
The jelly attacks as you move away! The jelly hits you.
* * * LOW HITPOINT WARNING * * *
You are splashed with acid.
You feel threatened and lose the ability to read scrolls!
You die...

#.#
###
#.#
#..
#.#
#.#
#.#
#.#
#.#
#.#
#.#
#.#
#.#
#J#
#<#
#@##
#.#
#..#
#.#
##.#
#.#
#.#
#.###
#.#
#...#
#.#
###.#
#.#
#.#
#.#
#.#
#.#
#.#


You could see a jelly.

Vanquished Creatures
  2 hounds
  An adder (D:3)
  2 ufetubi (D:5)
  A worm (D:4)
  A dart slug (D:3)
  3 orcs (D:4)
  An endoplasm (D:4)
  2 giant cockroaches
  4 hobgoblins
  3 quokkas
  4 ball pythons
  2 bats (D:3)
  A frilled lizard (D:3)
  3 goblins (D:3)
  4 kobolds
34 creatures vanquished.

Vanquished Creatures (collateral kills)
  2 hounds
  A jelly (D:5)
  An adder (D:3)
  3 worms (D:2)
  A dart slug (D:1)
  2 orcs (D:4)
  4 bats
  3 endoplasms
  A giant cockroach (D:1)
  6 goblins
  2 hobgoblins
  4 kobolds
  5 ball pythons
  A frilled lizard (D:2)
  5 rats
41 creatures vanquished.

Grand Total: 75 creatures vanquished

Notes
Turn   | Place    | Note
-------+----------+-------------------------------------------
     0 | D:1      | wilfster70 the Merfolk Summoner began the quest for the
                  | Orb.
     0 | D:1      | Reached XP level 1. HP: 13/13 MP: 3/3
   595 | D:1      | Reached XP level 2. HP: 7/19 MP: 3/5
   854 | D:1      | Learned a level 2 spell: Call Imp
  1140 | D:1      | Gained mutation: You have a pair of small horns on your
                  | head. [potion of mutation]
  1140 | D:1      | Gained mutation: You occasionally lose the ability to read
                  | scrolls when taking damage. [potion of mutation]
  1412 | D:1      | Found Ynimpi's Magic Scroll Shoppe.
  1425 | D:1      | Bought a scroll of identify for 22 gold pieces
  2050 | D:2      | Reached XP level 3. HP: 24/24 MP: 4/6
  2054 | D:2      | Learned a level 3 spell: Stone Arrow
  3045 | D:2      | Found a faded altar of an unknown god.
  3167 | D:2      | Noticed Terence
  3582 | D:3      | Reached skill level 5 in Summonings
  3701 | D:3      | Found the +2 hood of the Assassin {Detection Stab+ Stlth++}
  3778 | D:3      | Reached XP level 4. HP: 30/30 MP: 8/8
  3812 | D:3      | Learned a level 2 spell: Passwall
  4428 | D:4      | Reached XP level 5. HP: 22/35 MP: 7/9
  4604 | D:4      | Found a white marble altar of Elyvilon.
  4795 | D:4      | Found a blossoming altar of Fedhas.
  4908 | D:4      | Identified a scroll of acquirement
  4908 | D:4      | Acquired 358 gold pieces
  5066 | D:5      | Entered Level 5 of the Dungeon
  5250 | D:5      | Identified the ring of Puaff {Ice Will+ rCorr Dex+4}
  5359 | D:5      | Reached skill level 6 in Summonings
  5524 | D:5      | Reached XP level 6. HP: 40/41 MP: 8/11
  6131 | D:5      | Splashed by a jelly's acid

Illustrated notes

Levels and vault maps discovered:
D:1:      sevenhm_arrival_forest_fort_large_2, layout_basic, serial_shops, shop
D:2:      layout_basic, ebering_ecumenical_altar_webs, amethyst_killhole,
          uniq_terence
D:3:      layout_loops_cross, chequers_serial_rivers_micro_b,
          due_unseen_surprise
D:4:      layout_rooms, amcnicky_altar_gilded, fedhas_altar_4
D:5:      layout_loops_ring, amcnicky_mini_pool_small

Skill      XL: |  1  2  3  4  5  6 |
---------------+-------------------+-----
Summonings     | 5 6 |  6.0
Spellcasting   | 3 4 |  4.2
Dodging        | |  2.6
Stealth        | |  2.1

Action                   |  1- 3 |  4- 6 || total
-------------------------+-------+-------++-------
Melee: Unarmed           |    12 |       ||    12
       Headbutt          |     5 |    15 ||    20
       Mace              |    23 |    49 ||    72
       Spear             |       |    38 ||    38
 Cast: Summon Small Mamm |    19 |       ||    19
       Call Imp          |    24 |    10 ||    34
       Passwall          |       |     2 ||     2
  Use: Scroll            |     4 |     4 ||     8
       Potion            |     1 |       ||     1
 Stab: Sleeping          |     3 |     7 ||    10
       Distracted        |       |     1 ||     1
Armor: Robe              |    25 |    20 ||    45
Dodge: Dodged            |    87 |   106 ||   193

Table legend: (Time is in decaauts)
 A = Elapsed time spent in this place.
 B = Non-inter-level travel time spent in this place.
 C = Inter-level travel time spent in this place.
 D = Time resting spent in this place.
 E = Time spent auto-exploring this place.
 F = Levels seen in this place.
 G = Mean time per level.
                   A        B        C        D        E       F      G
               +--------+--------+--------+--------+--------+-----+--------+
         Total |   6163 |   6085 |     78 |   2146 |   2137 |   5 | 1232.6 |
       Dungeon |   6163 |   6085 |     78 |   2146 |   2137 |   5 | 1232.6 |
               +--------+--------+--------+--------+--------+-----+--------+

Top non-repeatable levels by time:
     D:1: 2221 daAuts
     D:2: 1338 daAuts
     D:5: 967 daAuts
     D:3: 874 daAuts
     D:4: 762 daAuts
